 Dungeon Crawl Stone Soup version 0.17-a0-670-g5d95ebd (webtiles) character file.

752 nubinia the Covert (level 7, -12/35 HPs)
             Began as a Spriggan Assassin on Apr 18, 2015.
             Killed from afar by a ynoxinul (28 damage)
             ... with an iron shot
             ... on level 1 of the Abyss.
             The game lasted 00:30:27 (5367 turns).

nubinia the Covert (Spriggan Assassin)              Turns: 5367, Time: 00:30:27

Health: -12/35     AC:  4    Str:  7    XL:     7   Next: 49%
Magic:  5/8        EV: 20    Int: 12    God:
Gold:   254        SH:  0    Dex: 20    Spells: 0 memorised, 6 levels left

rFire  . . .     SeeInvis +     a - +2 dagger
rCold  . . .     Clarity  .     c - +0 robe
rNeg   . . .     SustAb   .     (shield restricted)
rPois  .         Gourm    .     (helmet restricted)
rElec  .         Spirit   .     d - +1 cloak
rCorr  .         Warding  .     (gloves unavailable)
rMut   .         Rnd*Tele +     (boots unavailable)
MR     +....                    (no amulet)
Stlth  +++++.....               (no ring)
                                D - ring of teleportation

@: about to teleport, drained, very quick, somewhat resistant to hostile
enchantments, quite stealthy
A: unfitting armour, see invisible, herbivore 3, speed 3, slow metabolism 2
a: Evoke Teleportation


You were on level 1 of the Abyss.
You were not hungry.

You visited 1 branch of the dungeon, and saw 5 of its levels.
You visited the Abyss 1 time.

You collected 346 gold pieces.
You spent 92 gold pieces at shops.

Inventory:

Hand weapons
 a - a +2 dagger (weapon)
 b - a +0 blowgun
 h - a +1 short sword of distortion
 i - a +1 rapier of distortion
 s - a +0 hunting sling
Missiles
 e - 10 poisoned needles
 f - 2 curare-tipped needles
 v - 302 stones (quivered)
Armour
 c - a +0 robe (worn)
 d - a +1 cloak (worn)
Jewellery
 D - a ring of teleportation (left hand)
Magical devices
 l - a wand of slowing (11)
 B - a wand of cold (5)
Scrolls
 j - 2 scrolls of remove curse
 k - 2 scrolls of teleportation
 p - a scroll of silence {unknown}
 q - a scroll of enchant armour
 r - a scroll of magic mapping {unknown}
 t - a scroll of recharging {unknown}
 x - a scroll of amnesia {unknown}
 y - a scroll of random uselessness
 C - a scroll of noise {unknown}
Potions
 m - a potion of cancellation {unknown}
 n - a potion of brilliance {unknown}
 o - a potion of magic
 u - a potion of heal wounds
 w - a potion of poison
 z - 2 potions of invisibility {unknown}
 A - a potion of degeneration
 E - a potion of agility
 F - a potion of haste {unknown}
Comestibles
 g - 2 bread rations


   Skills:
 + Level 2.0(1.7) Fighting
 + Level 3.1(2.8) Short Blades
 + Level 5.5(5.8) Slings
 + Level 3.2(4.3) Throwing
 + Level 4.5(4.2) Dodging
 + Level 9.7(9.3) Stealth


You had 6 spell levels left.
You didn't know any spells.

Dungeon Overview and Level Annotations

Branches:
Dungeon (5/15)
 Temple: D:4-7

Altars:
Ru

Shops:
D:4 *

Annotations:
D:4 Edmund, Menkaure, Purgy


Innate Abilities, Weirdness & Mutations

You are tiny and cannot use many weapons and most armour.
You have supernaturally acute eyesight.
You are a herbivore.
You cover ground extremely quickly.
You need consume almost no food.


Message History

The ynoxinul moves out of view.
Evoke which item? (* to show all) (? for menu, Esc to quit)
Okay, then.
Use which ability? (? or * to list)
You fail to use your ability.
Use which ability? (? or * to list)
You fail to use your ability.
The ynoxinul bellows!
Use which ability? (? or * to list)
You feel strangely unstable. The ynoxinul completely misses you.
You hit the ynoxinul but do no damage. The ynoxinul gestures at you.
The iron shot hits you!
Ouch! That really hurt!
You hit the ynoxinul.
The ynoxinul is lightly wounded.
The ynoxinul gestures at you. The iron shot hits you!
Ouch! That really hurt!
You die...

. #
# #
# ..
# .#
# #
####
.
...
.
####
#3##
# #
##@#
. #
###
# #
# .
. ##
# ##
.. #
# #
.# #


You could see a ynoxinul.

Vanquished Creatures
  Sigmund (D:2)
  An ogre (D:4)
  Blork the orc (D:4)
  2 big kobolds (D:3)
  Ijyb (D:2)
  A worker ant (D:4)
  5 adders
  9 gnolls (D:3)
  An ooze (D:1)
  3 worms
  3 orcs (D:3)
  5 bats
  5 giant cockroaches
  40 goblins
  27 hobgoblins
  3 jackals (D:2)
  8 kobolds
  3 giant newts
  6 rats
125 creatures vanquished.

Notes
Turn   | Place    | Note
--------------------------------------------------------------
     0 | D:1      | nubinia, the Spriggan Assassin, began the quest for the Orb.
     0 | D:1      | Reached XP level 1. HP: 10/10 MP: 2/2
    62 | D:1      | Reached skill level 6 in Stealth
   179 | D:1      | Reached XP level 2. HP: 14/14 MP: 3/3
   662 | D:2      | Noticed Ijyb
   665 | D:2      | Reached skill level 7 in Stealth
   696 | D:2      | Killed Ijyb
   696 | D:2      | Reached XP level 3. HP: 18/18 MP: 4/4
   937 | D:2      | Reached XP level 4. HP: 22/22 MP: 5/5
  1040 | D:2      | Found a sacrificial altar of Ru.
  1373 | D:2      | Noticed Sigmund
  1399 | D:2      | Killed Sigmund
  1399 | D:2      | Reached skill level 9 in Stealth
  1399 | D:2      | Reached XP level 5. HP: 24/26 MP: 6/6
  2259 | D:3      | Reached XP level 6. HP: 30/30 MP: 7/7
  2614 | D:3      | Reached skill level 1 in Slings
  3993 | D:3      | Reached XP level 7. HP: 24/34 MP: 8/8
  4550 | D:4      | Noticed Blork the orc
  4584 | D:4      | Noticed Edmund
  4619 | D:4      | Reached skill level 5 in Slings
  4644 | D:4      | Noticed Menkaure
  4727 | D:4      | Killed Blork the orc
  4863 | D:4      | Found Ysaopy's Assorted Antiques.
  4880 | D:4      | Bought a scroll of identify for 46 gold pieces
  4880 | D:4      | Bought a scroll of identify for 46 gold pieces
  4936 | D:4      | Noticed Purgy
  5031 | D:5      | Entered Level 5 of the Dungeon
  5168 | D:5      | Cast into the Abyss (a distortion unwield)
  5212 | Abyss:1  | Noticed a thrashing horror
  5226 | Abyss:1  | Noticed a large abomination
  5247 | Abyss:1  | Noticed a smoke demon
  5362 | Abyss:1  | Noticed a ynoxinul
  5367 | Abyss:1  | Killed from afar by a ynoxinul

Action                   |  1- 3 |  4- 6 |  7- 9 || total
-------------------------+-------+-------+-------++-------
Melee: Dagger            |    44 |   162 |    18 ||   224
 Fire: Blowgun           |     7 |     5 |     4 ||    16
       Hunting sling     |       |   201 |    58 ||   259
 Abil: Evoke Teleportati |       |       |     1 ||     1
  Use: Scroll            |       |     4 |     8 ||    12
       Potion            |       |       |     1 ||     1
 Stab: Sleeping          |    12 |     5 |     3 ||    20
  Eat: Bread ration      |       |     1 |       ||     1
